 Dungeon Crawl Stone Soup version 0.19.0 (webtiles) character file.

529 varam the Changer (level 7, -5/43 HPs)
             Began as an Octopode Transmuter on Nov 1, 2016.
             Was an Initiate of Cheibriados.
             Slain by a wyvern (19 damage)
             ... on level 5 of the Dungeon.
             The game lasted 00:11:00 (5006 turns).

varam the Changer (Octopode Transmuter)             Turns: 5006, Time: 00:11:01

Health: -5/43      AC:  1    Str: 10    XL:     7   Next: 23%
Magic:  11/12      EV: 15    Int: 17    God:    Cheibriados [......]
Gold:   160        SH:  0    Dex: 15    Spells: 3 memorised, 7 levels left

rFire  . . .     SeeInvis .       - Unarmed
rCold  . . .     Gourm    .     (no shield)
rNeg   . . .     Faith    .     (helmet restricted)
rPois  .         Spirit   .     (no amulet)
rElec  .         Reflect  .     k - ring of protection from magic
rCorr  .         Harm     .     (no ring)
MR     +....                    (no ring)
Stlth  +++.......               (no ring)
                                (no ring)
                                (no ring)
                                (no ring)
                                (no ring)

@: very slow
A: almost no armour, stealthy swim, amphibious, 8 rings, constrict 8, camouflage
1, gelatinous body 1
a: Bend Time, Renounce Religion


You were on level 5 of the Dungeon.
You worshipped Cheibriados.
Cheibriados was noncommittal.
You were not hungry.

You visited 2 branches of the dungeon, and saw 6 of its levels.

You collected 160 gold pieces.

Inventory:

Missiles
 a - 22 arrows
Jewellery
 k - a ring of protection from magic (left tentacle)
Wands
 d - a wand of lightning (10/15)
Scrolls
 e - 6 scrolls of identify
 f - a scroll of random uselessness
 i - 2 scrolls of blinking
 n - a scroll of enchant weapon {unknown}
 t - a scroll of remove curse
 u - a scroll of noise {unknown}
 v - a scroll of fog {unknown}
 x - a scroll of magic mapping {unknown}
Potions
 g - a potion of might {unknown}
 h - a potion of magic {unknown}
 j - 5 potions of flight {unknown}
 l - a potion of mutation {unknown}
 m - 2 potions of cancellation {unknown}
 o - 2 potions of brilliance {unknown}
 p - a potion of agility {unknown}
 s - 2 potions of curing {unknown}
Books
 b - a book of Changes

   Spells                             Type                      Level
   a - Beastly Appendage              Transmutation                1
   b - Sticks to Snakes               Transmutation                2
   c - Spider Form                    Transmutation/Poison         3
   d - Ice Form                       Ice/Transmutation            4
   e - Blade Hands                    Transmutation                5
Comestibles
 c - 3 bread rations
 q - a beef jerky
 r - a chunk of flesh
 w - 2 fruits
 z - a meat ration


   Skills:
 + Level 1.3 Fighting
 + Level 3.5 Dodging
 - Level 1.9 Stealth
 + Level 4.1 Unarmed Combat
 + Level 3.6 Spellcasting
 * Level 5.1 Transmutations


You had 7 spell levels left.
You knew the following spells:

 Your Spells              Type           Power        Failure   Level  Hunger
a - Beastly Appendage     Tmut           ###...       1%          1    None
b - Sticks to Snakes      Tmut           ###.....     2%          2    ##.....
c - Spider Form           Tmut/Pois      ##........   21%         3    ###....


Dungeon Overview and Level Annotations

Branches:
Dungeon (5/15)             Temple (1/1) D:4

Altars:
Ashenzari
Cheibriados
Dithmenos
Elyvilon
Fedhas
Gozag
Okawaru
Ru
Vehumet
Xom
Yredelemnul

Annotations:
D:3 Sigmund


Innate Abilities, Weirdness & Mutations

You cannot wear most types of armour.
You are very stealthy in the water. (Stealth+)
You are amphibious.
You can wear up to eight rings at the same time.
You can use your tentacles to constrict eight enemies at once.
Your skin changes colour to match your surroundings (Stealth+).
Your rubbery body absorbs attacks. (AC +1, EV +1)


Message History

The wyvern bites you!
Your ball python bites the wyvern but does no damage.
The wyvern bites you!
Your ball python bites the wyvern but does no damage.
Your ball python bites the wyvern.
The wyvern bites you.
Casting: Sticks to Snakes
Confirm with . or Enter, or press ? or * to list all spells.
Okay, then.
The wyvern misses you.
Your ball python barely misses the wyvern.
The wyvern misses you. The wyvern bites you.
Your ball python closely misses the wyvern.
The wyvern closely misses you. The wyvern misses you.
Your ball python bites the wyvern but does no damage.
The wyvern closely misses you.
Found a stone staircase leading up.
The wyvern bites you!!
You die...

##### ###### #### #...#
#####..... ...# #...# #.........
...# #...# ###......... ...#
#...# #........... ...##### #...#
#........... ##.....#
##...###.....#.....
#.....########.......[.##.#...##
##..............@lS..............
....#.#.........#.#..............
###.#.#.#######.#.#######.###...(
..#.#.#.######..#.# #.# ....
.....>............. ... ....
...####.#.##.##.##. $.... ..##
...#..........#.# .# ..........
.#.#.##.#.##..#.# <. ......... ..
.....##.#.# #####.####.


You could see a wyvern and a friendly ball python.

Vanquished Creatures
  An ogre (D:4)
  A scorpion (D:5)
  An orc priest (D:4)
  A bullfrog skeleton (D:5)
  Crazy Yiuf (D:4)
  An orc wizard (D:4)
  An iguana (D:4)
  Natasha (D:3)
  A worker ant (D:4)
  3 gnolls (D:4)
  2 adders
  5 worms
  A dart slug (D:1)
  7 leopard geckos
  7 orcs (D:4)
  A giant cockroach (D:2)
  7 hobgoblins
  3 jackals (D:2)
  2 quokkas
  4 bats
  11 frilled lizards
  5 goblins
  2 jackal skeletons (D:4)
  7 kobolds
  5 rats
81 creatures vanquished.

Vanquished Creatures (collateral kills)
  A phantom (D:4)
1 creature vanquished.

Grand Total: 82 creatures vanquished

Notes
Turn   | Place    | Note
-------+----------+-------------------------------------------
     0 | D:1      | varam the Octopode Transmuter began the quest for the Orb.
     0 | D:1      | Reached XP level 1. HP: 13/13 MP: 3/3
   444 | D:1      | Reached skill level 1 in Stealth
   444 | D:1      | Reached XP level 2. HP: 18/18 MP: 5/5
  1216 | D:1      | Reached XP level 3. HP: 22/23 MP: 6/6
  1738 | D:2      | Learned a level 2 spell: Sticks to Snakes
  1742 | D:2      | Learned a level 3 spell: Spider Form
  1811 | D:2      | Reached skill level 3 in Transmutations
  1848 | D:2      | Reached XP level 4. HP: 26/28 MP: 5/7
  2335 | D:3      | Noticed Sigmund
  3111 | D:3      | Noticed Natasha
  3122 | D:3      | Killed Natasha
  3374 | D:4      | Reached XP level 5. HP: 28/33 MP: 9/9
  3377 | D:4      | Reached skill level 3 in Spellcasting
  3533 | D:4      | Reached skill level 4 in Transmutations
  3658 | D:4      | Noticed an ogre
  3668 | D:4      | Killed an ogre
  3668 | D:4      | Reached skill level 3 in Dodging
  3668 | D:4      | Reached XP level 6. HP: 36/38 MP: 6/10
  3697 | D:4      | Found a staircase to the Ecumenical Temple.
  3728 | Temple   | Entered the Ecumenical Temple
  3735 | Temple   | Became a worshipper of Cheibriados the Contemplative
  4305 | D:4      | Noticed a phantom
  4338 | D:4      | Killed a phantom
  4626 | D:4      | Found a runed door.
  4777 | D:4      | Noticed Crazy Yiuf
  4789 | D:4      | Killed Crazy Yiuf
  4789 | D:4      | Reached XP level 7. HP: 35/43 MP: 7/12
  4854 | D:5      | Entered Level 5 of the Dungeon
  4861 | D:5      | Reached skill level 4 in Unarmed Combat
  4951 | D:5      | Reached skill level 5 in Transmutations
  4994 | D:5      | Noticed a wyvern
  5006 | D:5      | Slain by a wyvern

Skill      XL: |  1  2  3  4  5  6  7 |
---------------+----------------------+-----
Stealth        | 1 |  1.9
Transmutations | 3 4 5 |  5.1
Spellcasting   | 3 |  3.6
Dodging        | 3 |  3.5
Unarmed Combat | 4 |  4.1
Fighting       | |  1.3

Action                   |  1- 3 |  4- 6 |  7- 9 || total
-------------------------+-------+-------+-------++-------
Melee: Unarmed           |    94 |   113 |    12 ||   219
       Constrict         |    22 |    18 |     2 ||    42
       Tentacles         |    13 |    15 |     2 ||    30
       Kick              |     6 |     1 |       ||     7
       Punch             |     2 |     4 |     1 ||     7
 Cast: Beastly Appendage |     4 |     2 |     1 ||     7
       Spider Form       |       |     5 |       ||     5
       Sticks to Snakes  |       |     4 |     1 ||     5
  Use: Scroll            |     4 |       |       ||     4
 Stab: Sleeping          |     3 |     5 |     2 ||    10
  Eat: Chunk             |     3 |    10 |     1 ||    14
Armor: Skin              |     9 |     4 |       ||    13
Dodge: Dodged            |    43 |    63 |    13 ||   119
